 Dungeon Crawl Stone Soup version 0.25.0-26-g0c896c7088 (webtiles) character file.

Game seed: 16793097934607656514

39 Ethylacetat the Stinger (level 3, -1/28 HPs)
             Began as a Naga Venom Mage on July 4, 2020.
             Slain by Grinder (9 damage)
             ... on level 3 of the Dungeon.
             The game lasted 00:08:21 (1552 turns).

Ethylacetat the Stinger (Naga Venom Mage)           Turns: 1552, Time: 00:08:22

Health: -1/28      AC:  2    Str: 17    XL:     3   Next: 47%
Magic:  2/6        EV: 10    Int: 15    God:
Gold:   132        SH:  0    Dex: 11    Spells: 5/6 levels left

rFire    . . .     SeeInvis +   k - +0 club
rCold    . . .     Gourm    .   (no shield)
rNeg     . . .     Faith    .   a - +0 robe
rPois    +         Spirit   .   (no helmet)
rElec    .         Reflect  .   (no cloak)
rCorr    .         Harm     .   (no gloves)
MR       .....                  (no barding)
Stlth    ++........             (no amulet)
HPRegen  0.09/turn              h - +6 ring of strength
MPRegen  0.10/turn              i - ring of wizardry

@: very slow
A: large, see invisible, deformed body, poison resistance, slowness 2, slow
metabolism 1, spit poison 1, AC +1
a: Spit Poison


You were on level 3 of the Dungeon.
You were very hungry.

You visited 1 branch of the dungeon, and saw 3 of its levels.

You collected 132 gold pieces.

Inventory:

Hand Weapons
 k - a +0 club (weapon)
Armour
 a - a +0 robe (worn)
Jewellery
 h - a +6 ring of strength (left hand)
 i - a ring of wizardry (right hand)
Scrolls
 e - 2 scrolls of blinking {unknown}
 g - 6 scrolls of identify {unknown}
 l - a scroll of remove curse {unknown}
Potions
 b - a potion of mutation {unknown}
 d - 3 potions of curing {unknown}
 f - a potion of flight {unknown}
 j - 2 potions of invisibility {unknown}
 m - 2 potions of magic {unknown}
Comestibles
 c - 3 rations


   Skills:
 + Level 0.1 Fighting
 + Level 0.1 Maces & Flails
 + Level 1.8 Dodging
 + Level 3.3 Stealth
 + Level 0.2 Unarmed Combat
 + Level 2.4 Spellcasting
 + Level 1.3 Transmutations
 + Level 4.6 Poison Magic


You had 5 spell levels left.
You knew the following spells:

 Your Spells              Type           Power        Failure   Level  Hunger
a - Sting                 Tmut/Pois      ##..         2%          1    #......

Your spell library contained the following spells:

 Spells                   Type           Power        Failure   Level  Hunger
 Poisonous Vapours        Pois/Air       #.....       4%          2    ###....
 Ignite Poison            Fire/Tmut/Pois #.......     12%         3    ###....
 Olgreb's Toxic Radiance  Pois           ###.....     12%         4    #####..
 Mephitic Cloud           Conj/Pois/Air  #.......     14%         3    ###....


Dungeon Overview and Level Annotations

Branches:
Dungeon (3/15)

Altars:

Annotations:
D:3 Grinder


Innate Abilities, Weirdness & Mutations

You cannot wear boots.
Your serpentine skin is tough. (AC +1)
You have supernaturally acute eyesight. (SInv)
Armour fits poorly on your strangely shaped body.
Your system is resistant to poisons. (rPois)
You cover ground very slowly.
You have a slow metabolism.
You can spit poison.


Message History

Grinder is lightly wounded.
Grinder hits you.
You writhe in agony.
Casting: Sting (safe; 2% risk of failure)
Confirm with . or Enter, or press ? or * to list all spells.
Aiming: Sting (safe; 2% risk of failure)
Press: ? - help, Shift-Dir - straight line, f/p - Grinder
Aim: Grinder (lightly wounded)
The sting hits Grinder.
Grinder partially resists.
Grinder is lightly wounded.
Grinder hits you.
You writhe in agony.
* * * LOW HITPOINT WARNING * * *
Casting: Sting (safe; 2% risk of failure)
Confirm with . or Enter, or press ? or * to list all spells.
Aiming: Sting (safe; 2% risk of failure)
Press: ? - help, Shift-Dir - straight line, f/p - Grinder
Aim: Grinder (lightly wounded)
The sting misses Grinder.
You have got your breath back.
Grinder hits you!
You die...

###### # #....# #.
#..#.#
#.######.#.########
#........5@<.......
#..#.###########...
#............
##.#.########
#.#......... #
#.######## #ยง# #5#
#..


You could see Grinder.

Vanquished Creatures
  An adder (D:2)
  An ooze (D:1)
  2 dart slugs (D:1)
  6 goblins
  3 hobgoblins (D:1)
  3 bats
  2 frilled lizards (D:1)
  2 kobolds (D:1)
  4 rats
24 creatures vanquished.

Notes
Turn   | Place    | Note
-------+----------+-------------------------------------------
     0 | D:1      | Ethylacetat the Naga Venom Mage began the quest for the
                  | Orb.
     0 | D:1      | Reached XP level 1. HP: 15/15 MP: 3/3
    27 | D:1      | You fall into a shaft and drop 1 floor!
   146 | D:1      | Reached XP level 2. HP: 10/22 MP: 3/5
   657 | D:1      | Reached XP level 3. HP: 5/28 MP: 3/6
  1534 | D:3      | Noticed Grinder
  1552 | D:3      | Slain by Grinder

Illustrated notes

Levels and vault maps discovered:
D:1:      dpeg_arrival_tiny_a, layout_basic, glass_columns_a, st_stairs_8,
          kennysheep_crisscross, chequers_serial_rivers_small_3,
          minmay_misc_feat_encased
D:2:      layout_basic
D:3:      layout_basic, nicolae_ru_the_path_less_chosen,
          trog_three_pillars_becter, uniq_grinder

Action                   || total
-------------------------++-------
Melee: Unarmed           ||    15
       Club              ||    12
 Cast: Sting             ||    21
 Abil: Spit Poison       ||    18
 Stab: Sleeping          ||     1
  Eat: Chunk             ||     1
Armor: Robe              ||     7
Dodge: Dodged            ||    22
